 Dungeon Crawl Stone Soup version 0.21-a0-528-gf531e82 (console) character file.

2554 Duffy the Destroyer (level 9, -1/48 HPs)
             Began as a Deep Elf Fire Elementalist on Nov 23, 2017.
             Was a Follower of Vehumet.
             Slain by a wyvern (5 damage)
             ... on level 8 of the Dungeon on Dec 9, 2017.
             The game lasted 00:18:56 (8767 turns).

Duffy the Destroyer (Deep Elf Fire Elementalist)    Turns: 8767, Time: 00:18:56

Health: -1/48      AC:  3    Str:  5    XL:     9   Next: 31%
Magic:  9/18       EV: 15    Int: 24    God:    Vehumet [*.....]
Gold:   332        SH:  0    Dex: 15    Spells: 5/18 levels left

rFire    . . .     SeeInvis .   a - staff of conjuration {!a}
rCold    . . .     Gourm    .   (no shield)
rNeg     . . .     Faith    .   F - +0 robe
rPois    +         Spirit   .   (no helmet)
rElec    .         Reflect  .   L - +0 cloak
rCorr    +         Harm     .   (no gloves)
MR       .....                  (no boots)
Stlth    ++........             f - amulet of magic regeneration
HPRegen  0.16/turn              H - ring of poison resistance
MPRegen  0.41/turn              J - ring of resist corrosion

@: no status effects
A: no striking features
a: Renounce Religion


You were on level 8 of the Dungeon.
You worshipped Vehumet.
Vehumet was aware of your devotion.
You were not hungry.

You visited 2 branches of the dungeon, and saw 9 of its levels.

You collected 332 gold pieces.

Inventory:

Missiles
 p - a throwing net (quivered)
Armour
 l - a scarf of cloud immunity
 w - a scarf of spirit shield
 F - a +0 robe (worn)
 L - a +0 cloak (worn)
Magical Staves
 a - an uncursed staff of conjuration (weapon) {!a}
Jewellery
 f - an amulet of magic regeneration (around neck)
 z - a +6 ring of strength
 H - a ring of poison resistance (left hand)
 J - a ring of resist corrosion (right hand)
Wands
 s - a wand of flame (40)
 v - a wand of polymorph (13)
 y - a wand of paralysis (8)
Scrolls
 h - 2 scrolls of teleportation {unknown}
 i - 2 scrolls of immolation {unknown}
 j - a scroll of magic mapping {unknown}
 k - a scroll of noise {unknown}
 q - 2 scrolls of enchant armour {unknown}
 r - 4 scrolls of remove curse {unknown}
 B - a scroll of enchant weapon {unknown}
 D - a scroll of random uselessness {unknown}
 G - 3 scrolls of blinking {unknown}
 I - a scroll of fog {unknown}
Potions
 e - 5 potions of brilliance
 g - 3 potions of agility {unknown}
 m - a potion of might
 n - 3 potions of lignification
 t - a potion of mutation
 u - a potion of cancellation
 x - a potion of resistance
 A - 2 potions of curing {unknown}
 C - a potion of haste
 E - a potion of invisibility
Books
 b - a book of Flames

   Spells                             Type                      Level
   a - Flame Tongue                   Conjuration/Fire             1
   b - Throw Flame                    Conjuration/Fire             2
   c - Conjure Flame                  Conjuration/Fire             3
   d - Inner Flame                    Hexes/Fire                   3
   e - Sticky Flame                   Conjuration/Fire             4
   f - Fireball                       Conjuration/Fire             5
Comestibles
 c - 6 bread rations
 d - 4 fruits
 o - a meat ration
 K - 2 chunks of flesh


   Skills:
 + Level 2.0 Fighting
 - Level 4.8 Dodging
 - Level 2.4 Stealth
 - Level 5.0 Spellcasting
 * Level 9.3 Conjurations
 * Level 9.1 Fire Magic


You had 5 spell levels left.
You knew the following spells:

 Your Spells              Type           Power        Failure   Level  Hunger
a - Flame Tongue          Conj/Fire      #####        1%          1    None
j - Sticky Flame          Conj/Fire      ######..     1%          4    ####...
k - Fireball              Conj/Fire      ######....   5%          5    #####..
l - Conjure Flame         Conj/Fire      ######..     1%          3    ##.....


Dungeon Overview and Level Annotations

Branches:
Dungeon (8/15)             Temple (1/1) D:6
   Lair: D:8-11

Altars:
Ashenzari
Cheibriados
Dithmenos
Elyvilon
Fedhas
Hepliaklqana
Kikubaaqudgha
Makhleb
Nemelex Xobeh
Okawaru
Qazlal
Ru
Sif Muna
Trog
Vehumet
Wu Jian
Xom
Yredelemnul
Zin
The Shining One

Shops:
D:6 (

Annotations:
D:7 Dowan, Duvessa, Joseph


Message History

The jelly misses you. The bullfrog closely misses you.
Cast which spell? (? or * to list)
Aiming: Sticky Flame
Press: ? - help, Shift-Dir - straight line, f/p - bullfrog
Aim: a bullfrog (almost dead)
You feel a surge of power!
The sticky flame hits the bullfrog.
You kill the bullfrog!
Vehumet accepts your kill.
Your Fighting skill increases to level 2!
The wyvern closely misses you.
Cast which spell? (? or * to list)
Aiming: Sticky Flame
Press: ? - help, Shift-Dir - straight line, f - wyvern
Aim: a wyvern (heavily wounded)
You feel a surge of power!
The sticky flame hits the wyvern.
The wyvern is heavily wounded.
The wyvern is covered in liquid flames!
The wyvern burns!
The wyvern bites you!
The wyvern burns!
The wyvern bites you.
You die...

#....# #.#..#....# ..
#....# #.##......# ?..
#....## #.##....### ..(#
#.....## #.###..##
.....####.##..##### #.#
#..#
...#.........%J...#####.#
#..##
.....##.######.##.......#
#...# ......#.##
#.l.######.###...##
..##l....#
###@######..##....# .
#.#...# #.....##......#.#
# ##%.# #####.##.#..#.#.#
#.... ..#....#.#.# ###..(
#.#.##...#.# ####
#...###.(#.#
#######...####...##
.........<...#.#..#
##.....<.......#...


You could see a wyvern (burning) and a jelly.

Vanquished Creatures
  A hippogriff (D:8)
  A wyvern (D:6)
  2 black bears (D:6)
  An orc warrior (D:6)
  A sky beast (D:6)
  3 ogres
  2 centaurs
  4 bullfrogs
  2 scorpions (D:6)
  6 killer bees (D:7)
  A wight (D:6)
  An orc priest (D:4)
  3 hounds
  An orc wizard (D:5)
  3 centaur skeletons
  3 iguanas
  6 worker ants
  A hound zombie (D:6)
  A hound skeleton (D:4)
  5 gnolls
  9 adders
  A river rat (D:4)
  2 shadow imps
  2 oozes (D:1)
  4 adder skeletons
  4 worms
  A dart slug (D:1)
  A leopard gecko (D:8)
  21 orcs
  12 bats
  6 giant cockroaches
  14 hobgoblins
  9 jackals
  16 kobolds
  5 quokkas
  3 frilled lizards
  12 goblins
  A leopard gecko zombie (D:6)
  11 rats
  A spectral orc (D:3)
183 creatures vanquished.

Notes
Turn   | Place    | Note
-------+----------+-------------------------------------------
     0 | D:1      | Duffy the Deep Elf Fire Elementalist began the quest for the Orb.
     0 | D:1      | Reached XP level 1. HP: 10/10 MP: 6/6
     0 | D:1      | Upgraded the game from 0.21-a0-496-g696f58f to 0.21-a0-528-gf531e82
    35 | D:1      | Reached XP level 2. HP: 13/15 MP: 1/8
   662 | D:1      | Reached XP level 3. HP: 18/19 MP: 5/9
   667 | D:1      | Learned a level 3 spell: Conjure Flame
  1097 | D:2      | Found a shattered altar of Ashenzari.
  1236 | D:2      | Found a faded altar of an unknown god.
  1582 | D:2      | Reached XP level 4. HP: 24/24 MP: 3/10
  1630 | D:2      | Learned a level 4 spell: Sticky Flame
  1851 | D:3      | Found a blossoming altar of Fedhas.
  2308 | D:3      | Found an ancient bone altar of Kikubaaqudgha.
  2336 | D:3      | Reached XP level 5. HP: 28/28 MP: 9/12
  2638 | D:3      | Noticed an ogre
  2644 | D:3      | Killed an ogre
  2714 | D:3      | Reached XP level 6. HP: 26/32 MP: 11/14
  2724 | D:3      | Learned a level 5 spell: Fireball
  3150 | D:3      | Found a basalt altar of Yredelemnul.
  3199 | D:4      | Reached skill level 5 in Conjurations
  3199 | D:4      | Reached skill level 5 in Fire Magic
  4272 | D:4      | Found a deep blue altar of Sif Muna.
  4712 | D:4      | Found a sparkling altar of Nemelex Xobeh.
  4989 | D:5      | Entered Level 5 of the Dungeon
  5201 | D:5      | Reached XP level 7. HP: 22/36 MP: 11/16
  5373 | D:5      | Found a shadowy altar of Dithmenos.
  5468 | D:5      | Reached skill level 5 in Spellcasting
  5959 | D:5      | Found a white marble altar of Elyvilon.
  6435 | D:6      | Found a staircase to the Ecumenical Temple.
  6444 | Temple   | Entered the Ecumenical Temple
  6528 | Temple   | Became a worshipper of Vehumet
  6553 | D:6      | Found Buaj's Weapon Shoppe.
  6716 | D:6      | Reached XP level 8. HP: 41/41 MP: 11/17
  7130 | D:6      | Found a bloodstained altar of Trog.
  7214 | D:6      | Found a sparkling altar of Nemelex Xobeh.
  7328 | D:6      | Found an iron altar of Okawaru.
  7459 | D:6      | Found a burning altar of Makhleb.
  7752 | D:6      | Reached * piety under Vehumet
  7752 | D:6      | Offered knowledge of Sandblast by Vehumet.
  7987 | D:7      | Reached skill level 1 in Fighting
  8065 | D:7      | Reached XP level 9. HP: 41/47 MP: 13/18
  8212 | D:7      | Noticed Duvessa
  8215 | D:7      | Noticed Joseph
  8216 | D:7      | Noticed Dowan
  8593 | D:7      | Found a snail-covered altar of Cheibriados.
  8767 | D:8      | Slain by a wyvern

Vault maps used:
D:1:      dpeg_arrival_orchard
D:2:      chequers_ecumenical_altar_simple_redux, nicolae_ashenzari_panopticon
D:3:      overflow_temple_1_default, lemuel_doored_altar,
          yredelemnul_forgotten_temple_becter, minmay_mini_jars
D:4:      nicolae_overflow_crystal_walls, tgw_sif
D:5:      nicolae_overflow_hidden_temple, basic_altar, first_bread
D:6:      cheibrodos_barr_body, trog_ov_bears_minmay, okawaru_altar_gauntlet_db,
          makhleb_heckhound_becter, minmay_temple_entry_junction, serial_shops,
          nicolae_shop_crystal, lemuel_tele_altar
D:7:      cheibriados_altar_1, uniq_joseph, uniq_duvessa
D:8:      david_lair_generic, serial_shops, nicolae_shop_behind_doors,
          nicolae_shop_stone
Temple:   compressed_dpeg_circular_temple

Skill      XL: |  1  2  3  4  5  6  7  8  9 |
---------------+----------------------------+-----
Conjurations   | 2 3 4 5 6 8 9 |  9.3
Fire Magic     | 4 5 6 8 9 |  9.1
Spellcasting   | 4 5 |  5.0
Dodging        | 3 4 |  4.8
Fighting       | 1 2 |  2.0
Stealth        | |  2.4

Action                   |  1- 3 |  4- 6 |  7- 9 || total
-------------------------+-------+-------+-------++-------
Melee: Unarmed           |       |     1 |       ||     1
 Cast: Flame Tongue      |    77 |   146 |   164 ||   387
       Conjure Flame     |       |     5 |    10 ||    15
       Sticky Flame      |       |     3 |    16 ||    19
       Fireball          |       |       |     4 ||     4
Evoke: Wand              |       |     1 |     1 ||     2
  Use: Scroll            |       |       |     8 ||     8
  Eat: Chunk             |     2 |     3 |    10 ||    15
       Royal jelly       |       |     4 |       ||     4
       Fruit             |       |       |     6 ||     6
Armor: Robe              |     3 |    13 |     3 ||    19
Dodge: Dodged            |    13 |    53 |    44 ||   110

Table legend:
 A = Spawn XP
 B = Non-spawn XP
 C = Spawn XP percentage of total XP
 D = Spawn monster count
 E = Non-spawn monster count
 F = Spawn count percentage of total count
 G = Total turns spent on level
                    A         B        C        D         E        F      G
               +---------+---------+-------+---------+---------+-------+---------
         Total |       0 |    3649 |   0.0 |       0 |     183 |   0.0 |  8767
               +---------+---------+-------+---------+---------+-------+---------
           D:1 |       0 |      45 |   0.0 |       0 |      20 |   0.0 |  1024
           D:2 |       0 |      71 |   0.0 |       0 |      27 |   0.0 |   869
           D:3 |       0 |     270 |   0.0 |       0 |      46 |   0.0 |  1304
           D:4 |       0 |     321 |   0.0 |       0 |      14 |   0.0 |  1944
           D:5 |       0 |     280 |   0.0 |       0 |      22 |   0.0 |   952
           D:6 |       0 |    1482 |   0.0 |       0 |      34 |   0.0 |  1892
           D:7 |       0 |     793 |   0.0 |       0 |      15 |   0.0 |   389
           D:8 |       0 |     387 |   0.0 |       0 |       5 |   0.0 |   289
               +---------+---------+-------+---------+---------+-------+---------
